 Dungeon Crawl Stone Soup version 0.20.1-1-g8b1a95d (webtiles) character file.

7907 Gargoyl the Protected (level 11, -1/92 HPs)
             Began as a Minotaur Abyssal Knight on July 15, 2017.
             Was a High Priest of Lugonu.
             Slain by a killer bee (10 damage)
             ... on level 10 of the Dungeon.
             The game lasted 00:22:25 (9946 turns).

Gargoyl the Protected (Minotaur Abyssal Knight)     Turns: 9946, Time: 00:22:25

Health: -1/92      AC: 21    Str: 24    XL:     11   Next: 2%
Magic:  15/15      EV: 13    Int:  9    God:    Lugonu [*****.]
Gold:   482        SH:  0    Dex: 14    Spells: 10/10 levels left

rFire    . . .     SeeInvis .   e - +8 scythe of Chance {freeze, MR++}
rCold    + . .     Gourm    .   (shield currently unavailable)
rNeg     . . .     Faith    .   H - +0 plate armour
rPois    .         Spirit   .   (helmet restricted)
rElec    .         Reflect  .   (no cloak)
rCorr    .         Harm     .   D - +1 pair of gloves
MR       ++...                  h - +2 pair of boots
Stlth    ..........             (no amulet)
Regen    0.3/turn               E - +6 ring of strength
MPRegen  0.2/turn               f - +2 ring of evasion

@: lethally poisoned (-1 -> -3), berserk cooldown, slowed, very slow
A: retaliatory headbutt, horns 2, repulsion field 1, agile 1, blurry vision 1,
cold resistance 1, deterioration 1, mutation resistance 1
a: Depart the Abyss, Bend Space, Banish, Corrupt, Enter the Abyss, Renounce
Religion


You were on level 10 of the Dungeon.
You worshipped Lugonu.
Lugonu was extremely pleased with you.
You were not hungry.

You visited 1 branch of the dungeon, and saw 11 of its levels.
You visited the Abyss 1 time.

You collected 662 gold pieces.
You spent 180 gold pieces at shops.

Inventory:

Hand Weapons
 e - the +8 scythe of Chance (weapon) {freeze, MR++}
   (You found it on level 5 of the Dungeon)

   It has been specially enchanted to freeze those struck by it, causing extra
   injury to most foes and up to half again as much damage against particularly
   susceptible opponents.
   It can also slow down cold-blooded creatures.
   It affects your resistance to hostile enchantments.
Missiles
 a - 9 poisoned tomahawks
 v - a tomahawk (quivered)
Armour
 h - a +2 pair of boots (worn)
 D - a +1 pair of gloves (worn)
 H - a +0 plate armour (worn)
Jewellery
 f - a +2 ring of evasion (right hand)
 s - an uncursed ring of fire
 A - an uncursed ring of flight
 E - a +6 ring of strength (left hand)
Wands
 j - a wand of random effects (28/48)
 n - a wand of polymorph (14/24)
 w - a wand of flame (19/48)
 y - a wand of lightning (6/15)
Scrolls
 i - 5 scrolls of identify
 t - a scroll of fear
 x - a scroll of blinking
 z - 2 scrolls of remove curse
 F - a scroll of teleportation
Potions
 d - 2 potions of curing
 g - a potion of lignification
 l - a potion of agility
 o - 3 potions of invisibility
 r - a potion of brilliance {unknown}
 B - 2 potions of flight
Comestibles
 c - 5 bread rations
 k - 4 royal jellies
 p - 8 meat rations
 u - 5 fruits


   Skills:
 + Level 7.5 Fighting
   Level 6.1(8.8) Axes
 + Level 9.7(10.5) Polearms
 + Level 2.5 Throwing
 * Level 11.9 Armour
 + Level 3.5 Dodging
 * Level 7.6 Invocations


You had 10 spell levels left.
You didn't know any spells.

Dungeon Overview and Level Annotations

Branches:
Dungeon (11/15)            Temple (0/1) D:7
   Lair: D:8-11         Orc: D:9-12

Altars:
Elyvilon
Gozag
Hepliaklqana
Nemelex Xobeh
Sif Muna
Trog
Vehumet
Zin

Shops:
D:5 ?   D:8 %


Innate Abilities, Weirdness & Mutations

You reflexively headbutt those who attack you in melee.
You have a pair of horns on your head.
You are surrounded by a mild repulsion field. (EV +2)
You are agile. (Dex +2)
Scrolls take you a little longer to read.
Your flesh is cold resistant. (rC+)
Your body sometimes deteriorates upon taking damage.
You are somewhat resistant to further mutation.


Message History

The killer bee poisons you! The killer bee barely misses you.
You furiously retaliate!
You headbutt the killer bee!
You kill the killer bee!
Lugonu accepts your kill.
The queen bee calls on the killer bee to defend it!
The killer bee goes berserk!
The queen bee calls on the killer bee to defend it!
The killer bee goes berserk!
The killer bee rages.
You hear a shout!
You closely miss the killer bee. You headbutt the killer bee.
The killer bee is lightly wounded.
You feel sick.
The killer bee rages.
The killer bee stings you.
* * * LOW HITPOINT WARNING * * *
The killer bee closely misses you.
The killer bee stings you but does no damage.
The killer bee stings you!
You die...

###.# ##......##
#.###...####.#.....).
#...........###.####.
####...####.#.## #.
##.## ##..#####. #..##
#........ ##.#.##
#..##.##.
######.###.###..#....P
#...>@## ##.##.#......
......####y#
#)###..#..... #####
#†#.. #..##.#.P y...
.......#. ...y.
.####.# ......o.. #..
..y####.. . .y# .# . .


You could see a queen bee, 2 killer bees and an orc.

Vanquished Creatures
  3 two-headed ogres
  A hippogriff (D:7)
  6 yaks (D:6)
  A water moccasin (D:7)
  4 orc warriors
  3 porcupines (D:10)
  2 ice beasts
  2 sky beasts
  2 black bears (D:10)
  3 phantoms
  5 ogres
  5 centaurs
  3 bullfrogs (D:8)
  3 scorpions
  16 killer bees
  7 wights
  2 howler monkeys
  A bullfrog zombie (D:6)
  3 crimson imps
  A centaur zombie (D:8)
  A jelly (D:8)
  A bullfrog skeleton (D:9)
  A hound (D:6)
  5 orc priests
  5 orc wizards
  Jessica (D:2)
  3 iguanas
  5 worker ants
  11 adders
  7 gnolls
  A shadow imp (D:10)
  An ooze (D:1)
  A dart slug (D:2)
  A worm (D:4)
  7 leopard geckos
  38 orcs
  6 giant cockroaches
  5 goblins
  9 hobgoblins
  5 jackals
  9 kobolds
  9 quokkas
  2 ball pythons
  10 bats
  7 frilled lizards
  A jackal skeleton (D:5)
  7 rats
232 creatures vanquished.

Notes
Turn   | Place    | Note
-------+----------+-------------------------------------------
     0 | Abyss:1  | Gargoyl the Minotaur Abyssal Knight began the quest for the Orb.
     0 | Abyss:1  | Reached XP level 1. HP: 19/19 MP: 1/1
    36 | Abyss:1  | Noticed a large abomination
    45 | Abyss:1  | Noticed a starcursed mass
    47 | D:1      | Escaped the Abyss
   376 | D:1      | Reached XP level 2. HP: 27/27 MP: 2/2
   395 | D:1      | Reached * piety under Lugonu
   588 | D:1      | Reached skill level 3 in Armour
   782 | D:2      | Reached XP level 3. HP: 29/33 MP: 3/3
   999 | D:2      | Reached XP level 4. HP: 33/40 MP: 4/4
  1278 | D:2      | Noticed Jessica
  1289 | D:2      | Killed Jessica
  1420 | D:2      | Reached ** piety under Lugonu
  1448 | D:2      | You fall through a shaft!
  1939 | D:3      | Reached skill level 4 in Armour
  1939 | D:3      | Reached XP level 5. HP: 37/47 MP: 5/5
  2094 | D:3      | Noticed an ogre
  2100 | D:3      | Killed an ogre
  2480 | D:3      | Reached XP level 6. HP: 51/53 MP: 7/7
  2626 | D:3      | Reached skill level 5 in Armour
  2646 | D:3      | Found a white marble altar of Elyvilon.
  2805 | D:4      | Found a bloodstained altar of Trog.
  3059 | D:4      | Found a glowing silver altar of Zin.
  3060 | D:4      | Found an opulent altar of Gozag.
  3329 | D:4      | You fall through a shaft!
  3329 | D:5      | Entered Level 5 of the Dungeon
  3440 | D:5      | Reached skill level 5 in Fighting
  3575 | D:4      | Reached skill level 6 in Armour
  3575 | D:4      | Reached XP level 7. HP: 61/61 MP: 8/8
  3677 | D:5      | Reached *** piety under Lugonu
  3879 | D:5      | Reached skill level 5 in Axes
  4146 | D:5      | Found a sparkling altar of Nemelex Xobeh.
  4488 | D:5      | Found Hyarphoeg's Magic Scroll Emporium.
  4490 | D:5      | Bought a scroll of enchant weapon for 90 gold pieces
  4490 | D:5      | Bought a scroll of enchant armour for 90 gold pieces
  4529 | D:5      | Got a steaming scythe
  4530 | D:5      | Identified the +8 scythe of Chance {freeze, MR++} (You found it on level 5 of the Dungeon)
  4598 | D:5      | Found a deep blue altar of Sif Muna.
  4776 | D:6      | Reached skill level 7 in Armour
  4776 | D:6      | Reached XP level 8. HP: 44/69 MP: 10/10
  4912 | D:6      | Reached skill level 1 in Polearms
  4922 | D:6      | Reached skill level 8 in Armour
  4922 | D:6      | Reached skill level 5 in Invocations
  5499 | D:6      | Reached XP level 9. HP: 78/78 MP: 11/11
  5504 | D:6      | Gained mutation: Your body sometimes deteriorates upon taking damage. [mutagenic meat]
  5506 | D:6      | Gained mutation: Your flesh is cold resistant. (rC+) [mutagenic meat]
  5507 | D:6      | Gained mutation: You have large cloven feet. [mutagenic meat]
  6115 | D:7      | Reached skill level 9 in Armour
  6445 | D:7      | Found a radiant altar of Vehumet.
  6564 | D:7      | Found a staircase to the Ecumenical Temple.
  6684 | D:7      | Reached skill level 5 in Polearms
  7402 | D:8      | Reached **** piety under Lugonu
  7457 | D:8      | Reached skill level 10 in Armour
  7458 | D:8      | Found Rinnataq's Food Emporium.
  7577 | D:8      | Found a hazy altar of Hepliaklqana.
  7641 | D:8      | Gained mutation: You have a pair of large horns on your head. [mutagenic meat]
  7642 | D:8      | Gained mutation: You are clumsy. (Dex -2) [mutagenic meat]
  7653 | D:8      | Lost mutation: You are clumsy. (Dex -2) [potion of mutation]
  7653 | D:8      | Lost mutation: You have large cloven feet. [potion of mutation]
  7653 | D:8      | Lost mutation: You have a pair of large horns on your head. [potion of mutation]
  7653 | D:8      | Gained mutation: You are surrounded by a mild repulsion field. (EV +2) [potion of mutation]
  7653 | D:8      | Gained mutation: Scrolls take you a little longer to read. [potion of mutation]
  7653 | D:8      | Gained mutation: You are somewhat resistant to further mutation. [potion of mutation]
  7653 | D:8      | Gained mutation: You are agile. (Dex +2) [potion of mutation]
  8146 | D:9      | You fall through a shaft!
  8146 | D:10     | Entered Level 10 of the Dungeon
  8151 | D:10     | Reached XP level 10. HP: 86/86 MP: 13/13
  8581 | D:9      | Reached skill level 1 in Throwing
  8828 | D:9      | Noticed a two-headed ogre
  8832 | D:9      | Killed a two-headed ogre
  8981 | D:9      | Reached ***** piety under Lugonu
  9104 | D:9      | Reached skill level 11 in Armour
  9540 | D:10     | Noticed a two-headed ogre
  9563 | D:10     | Killed a two-headed ogre
  9609 | D:10     | Noticed a two-headed ogre
  9614 | D:10     | Killed a two-headed ogre
  9932 | D:10     | Reached XP level 11. HP: 35/92 MP: 15/15
  9946 | D:10     | Slain by a killer bee

Skill      XL: |  1  2  3  4  5  6  7  8  9 10 |
---------------+-------------------------------+-----
Invocations    | 2 3 4 5 6 7 |  7.6
Fighting       | 4 5 6 7 |  7.5
Armour         | 3 4 6 7 8 10 11 | 11.9
Axes           | 3 4 5 6 |  6.1
Dodging        | 2 3 |  3.5
Polearms       | 4 7 9 |  9.7
Throwing       | 2 |  2.5

Action                   |  1- 3 |  4- 6 |  7- 9 | 10-12 || total
-------------------------+-------+-------+-------+-------++-------
Melee: Hand axe          |    69 |   141 |    51 |       ||   261
       Headbutt          |     5 |    20 |    35 |    17 ||    77
       Scythe            |       |       |   140 |   120 ||   260
Throw: Tomahawk          |       |     7 |     6 |    12 ||    25
Invok: Depart the Abyss  |     1 |       |       |       ||     1
       Bend Space        |       |       |       |     1 ||     1
  Use: Scroll            |     2 |     6 |     9 |     1 ||    18
       Potion            |       |       |     8 |     3 ||    11
 Stab: Invisible         |       |       |     1 |       ||     1
  Eat: Chunk             |       |     9 |    20 |     6 ||    35
Armor: Leather armour    |    28 |    28 |       |       ||    56
       Scale mail        |       |    16 |       |       ||    16
       Chain mail        |       |    22 |   133 |    34 ||   189
       Skin              |       |       |     9 |       ||     9
       Plate armour      |       |       |       |    22 ||    22
Dodge: Dodged            |    45 |   101 |   127 |   128 ||   401
